 Dungeon Crawl Stone Soup version 0.30-a0-930-gb9d0489357 (webtiles) character file.

Game seed: 11780293708286259567

2076438 ragingrage the Octopoid Blade (level 27, 207/207 HPs)
             Began as an Octopode Berserker on Mar 24, 2023.
             Was the Champion of Trog.
             Escaped with the Orb
             ... and 4 runes!
             The game lasted 02:14:46 (84237 turns).

ragingrage the Octopoid Blade (Octopode Berserker) Turns: 84237, Time: 02:14:47

Health: 207/207    AC:  4    Str: 14    XL:     27
Magic:  14/14      EV: 61    Int: 11    God:    Trog [******]
Gold:   4473       SH: 30    Dex: 54    Spells: 26/26 levels left

rFire   + . .      SeeInvis +    a - +7 demon blade (flame)
rCold   + + .      Faith    .    F - +5 kite shield {AC+3}
rNeg    + . .      Spirit   .    I - +0 hat "Fyosihet" {Slay+5}
rPois   +          Reflect  .    i - amulet of Wialirch {Regen+ Dex+3}
rElec   .          Rampage  .    M - ring "Ongu" {Will+ rCorr MP-9 Str+4}
rCorr   +                        D - ring of Qukutokh {Ice rPois Str-5 Slay+6}
Will    ++++.                    H - +6 ring of dexterity
Stlth   ++++                     e - ring "Zoyffeq" {Drain Fly rF+ rN+}
HPRegen 1.34/turn                P - ring "Ihepne" {rF+ rC+ Will+ Dex+7}
MPRegen 0.14/turn                S - +6 ring of dexterity
                                 j - +6 ring of dexterity
                                 R - ring "Vadut" {Dex+3 SInv}

@: flying
A: almost no armour, amphibious, 8 rings, camouflage 1, gelatinous body 1,
(nimble swimmer 1), tentacles, mutation resistance 1, weak 1, subdued magic 1
0: Orb of Zot
}: 4/15 runes: serpentine, slimy, silver, abyssal
a: Renounce Religion, Berserk, Trog's Hand, Brothers in Arms


You escaped.
You worshipped Trog.
Trog was exalted by your worship.
You visited 10 branches of the dungeon, and saw 52 of its levels.
You visited the Abyss 2 times.
You also visited: Trove, Ossuary, Wizlab and Desolation.

You collected 7196 gold pieces.
You spent 2723 gold pieces at shops.

Inventory:

Hand Weapons
 a - a +7 demon blade of flaming (weapon)
 b - the +3 greatsling "Punk" {acid, rCorr}
   (You found it on level 5 of the Pits of Slime)

   rCorr:     It protects you from acid and corrosion.
 c - a +4 dagger of venom
 d - a +8 heavy double sword
 z - a +4 antimagic double sword
 K - a +5 double sword of flaming
Missiles
 x - 5 throwing nets (quivered)
Armour
 F - a +5 kite shield of protection (worn)
 I - the +0 hat "Fyosihet" (worn) {Slay+5}
   (You found it in a treasure trove)

   Slay:      It affects your accuracy & damage with ranged weapons and melee
   (+5).
Jewellery
 e - the ring "Zoyffeq" (on tentacle) {Drain Fly rF+ rN+}
   (You bought it in a shop on level 3 of the Vaults)

   [ring of flight]

   rF:        It protects you from fire.
   rN:        It protects you from negative energy.
   Fly:       It grants you flight.
   Drain:     It drains your maximum health when unequipped.
 i - the amulet of Wialirch (around mantle) {Regen+ Dex+3}
   (You found it on level 5 of the Pits of Slime)

   [amulet of regeneration]

   Dex:       It affects your dexterity (+3).
   Regen:     It increases your rate of health regeneration.
 j - a +6 ring of dexterity (on tentacle)
 D - the ring of Qukutokh (right tentacle) {Ice rPois Str-5 Slay+6}
   (You bought it in a shop on level 2 of the Orcish Mines)

   [ring of ice]

   It enhances your ice magic.
   Str:       It affects your strength (-5).
   Slay:      It affects your accuracy & damage with ranged weapons and melee
   (+6).
   rF:        It makes you vulnerable to fire.
   rC:        It protects you from cold.
   rPois:     It protects you from poison.
 G - the amulet of Tupyf {Acrobat rElec}
   (You took it off a deep elf knight on level 3 of the Elven Halls)

   [amulet of the acrobat]

   It increases your evasion while moving and waiting.
   rElec:     It insulates you from electricity.
 H - a +6 ring of dexterity (on tentacle)
 M - the ring "Ongu" (left tentacle) {Will+ rCorr MP-9 Str+4}
   (You bought it in a shop on level 2 of the Orcish Mines)

   [ring of willpower]

   Str:       It affects your strength (+4).
   MP:        It affects your magic capacity (-9).
   rCorr:     It protects you from acid and corrosion.
   Will:      It increases your willpower.
 P - the ring "Ihepne" (on tentacle) {rF+ rC+ Will+ Dex+7}
   (You found it in the Desolation of Salt)

   [ring of willpower]

   Dex:       It affects your dexterity (+7).
   rF:        It protects you from fire.
   rC:        It protects you from cold.
   Will:      It increases your willpower.
 R - the ring "Vadut" (on tentacle) {Dex+3 SInv}
   (You found it in the Desolation of Salt)

   [ring of see invisible]

   Dex:       It affects your dexterity (+3).
   SInv:      It lets you see invisible.
 S - a +6 ring of dexterity (on tentacle)
Wands
 n - a wand of charming (52)
 y - a wand of polymorph (14)
 A - a wand of roots (58)
 V - a wand of digging (13)
 X - a wand of acid (25)
Scrolls
 o - 8 scrolls of vulnerability
 s - 3 scrolls of poison
 u - 14 scrolls of fog
 B - 9 scrolls of immolation
 J - 2 scrolls of summoning
 N - 6 scrolls of blinking
 T - 9 scrolls of fear
 Y - 21 scrolls of teleportation
 Z - 3 scrolls of silence
Potions
 g - 3 potions of cancellation
 h - 7 potions of might
 k - 18 potions of curing
 m - 6 potions of resistance
 p - 12 potions of lignification
 q - 4 potions of berserk rage
 r - 15 potions of heal wounds
 t - 9 potions of attraction
 v - 6 potions of invisibility
 w - 9 potions of mutation
 C - 8 potions of ambrosia
 E - 2 potions of haste
 U - 7 potions of magic
Miscellaneous
 f - a lightning rod (4/4)
 l - a box of beasts
 L - a phantom mirror
 O - a condenser vane
 Q - a phial of floods
 W - a tin of tremorstones (2/2)


   Skills:
 - Level 22.0 Fighting
 - Level 0.6(15.6) Short Blades
 + Level 23.6 Long Blades
 - Level 14.0 Ranged Weapons
 - Level 23.0 Dodging
 + Level 17.2 Stealth
 - Level 23.0 Shields
 - Level 15.0 Evocations


You had 26 spell levels left.
You didn't know any spells.
Your spell library was empty.

Dungeon Overview and Level Annotations

Branches:
Dungeon (15/15)            Temple (0/1) D:5            Lair (5/5) D:8
  Swamp (4/4) Lair:2        Snake (4/4) Lair:3        Slime (5/5) Lair:4
    Orc (2/2) D:10            Elf (3/3) Orc:2        Vaults (5/5) D:14
  Crypt (0/3) Vaults:3     Depths (4/4) D:15            Zot (5/5) Depths:4
Ossuary (visited)          WizLab (visited)         Desolation (visited)

Altars:
Ashenzari
Cheibriados
Gozag
Hepliaklqana
Kikubaaqudgha
Makhleb
Okawaru
Xom
The Shining One
Jiyva
Lugonu

Shops:
D:7 (   D:9 (   D:15 =   Orc:1 *!!   Orc:2 *=[   Elf:2 *   Vaults:2 :
Vaults:3 *   Depths:2 =(

Portals:
Hell: Depths:1 Depths:2 Depths:3 Depths:4
Abyss: Depths:1 Depths:2 Depths:3
Pandemonium: Depths:2
Ziggurat: Depths:4

Annotations:
D:3 exclusion: 2 downstairs
D:8 exclusion: downstairs
D:10 exclusion: downstairs
D:14 exclusion: downstairs
Lair:5 2 exclusions
Snake:3 exclusion: downstairs
Elf:2 3 runed translucent doors
Vaults:1 exclusion: door
Depths:4 5 runed translucent doors
Zot:1 exclusion: 2 downstairs
Zot:2 3 runed translucent doors, Pet Giop's ghost, veteran OgBe; Vyqe's ghost, master MfIE


Innate Abilities, Weirdness & Mutations

You cannot wear most types of armour.
You are amphibious.
You can wear up to eight rings at the same time.
Your skin changes colour to match your surroundings (Stealth+).
Your rubbery body absorbs attacks. (AC +1, EV +1)
((You are camouflaged when in or above water. (Stealth+)))
You have tentacles for arms and can constrict up to eight enemies at once.
You are somewhat resistant to further mutation.
You are weak. (Str -2)
Your spells are a little easier to cast, but a little less powerful.


Message History

There is a stone staircase leading up here.
You fly upwards.
There is a stone staircase leading down here.
There is a stone staircase leading up here.
You fly upwards.
Level annotation: exclusion: 2 downstairs
There is a stone staircase leading down here.
You see here a stone.
There is a stone staircase leading up here.
You fly upwards.
There is a stone staircase leading down here.
Natasha is nearby!
No target in view!
What are your orders? t - Shout!
Orders for allies: a - Attack new target. r - Retreat! s - Stop attacking. g - Guard the area. f - Follow me.
Anything else - Cancel.
You shout for attention!
You hear an angry hiss.
Natasha drinks a potion.
Natasha flickers and vanishes for a moment.
You carve Natasha like a ham!!! You burn Natasha.
You kill Natasha!
Trog accepts your kill.
Trog appreciates your killing of a magic user.
You see here the felid corpse of Natasha.
(D) Dungeon (T) Temple (L) Lair (S) Swamp (P) Snake Pit (M) Slime Pits (O) Orcish Mines (E) Elven Halls (V) Vaults (C) Crypt (U) Depths (H) Hell (Z) Zot
Where to? (Enter - D:1 @ (x,y), ? - help)
You see here a +2 robe of cold resistance.
There is a stone staircase leading up here.
You fly upwards.
There is a stone staircase leading down here.
You reach down and open the door.
There is an open door here.
There is a staircase leading out of the dungeon here.
You have escaped!

..####.# #....##.....#.# #.###.
..####.##############...# ##.....
...............# #.###.# #.....#
######......:..# #.# #.###.##.#.
...............# ##.###.#...##.#.
...............# #........####.#.
...............# #.....>.#####.#.
.......###########.....#.......#.
.......# ##@#.....#.....####
.......# #..'...............
...†...# ##.#...............
.......# #.................
.......# ###......#.#######
######## ######.#.#######
#.#........ #.#########
#..........


There were no monsters in sight!

Vanquished Creatures
  4 dread liches
  Mara (Snake:3)
  7 orbs of fire
  2 ancient liches
  A juggernaut (Depths:4)
  7 Killer Klowns (Zot:5)
  Margery (Vaults:4)
  Nikola (Depths:2)
  A pandemonium lord (Depths:2)
  A bone dragon (Abyss:3)
  10 golden dragons
  Hellbinder (WizLab)
  2 doom hounds (Depths:2)
  5 electric golems
  Zenata (Elf:3)
  Rupert (Snake:1)
  14 tentacled monstrosities
  25 Orb Guardians
  A Hell Sentinel (D:9)
  10 quicksilver dragons
  Grunn (Depths:2)
  A walking frostbound tome (Depths:1)
  4 deep elf master archers (Elf:3)
  6 liches
  3 titans (Vaults:5)
  4 deep elf blademasters (Elf:3)
  13 acid blobs
  16 death cobs
  2 sphinxes (Vaults:5)
  A tentacled starspawn (Abyss:3)
  10 tengu reavers
  9 shadow dragons
  7 azure jellies
  11 storm dragons
  5 draconian monks
  5 nagarajas
  6 draconian knights
  12 fire giants
  14 vault wardens
  11 deep elf sorcerers
  6 draconian scorchers
  3 rockslimes
  9 frost giants
  A cacodemon (WizLab)
  A ghost moth (Zot:5)
  2 deep elf elementalists (Elf:3)
  2 iron dragons
  An orc warlord (Orc:2)
  A juggernaut zombie (Abyss:3)
  6 draconian shifters
  4 draconian annihilators
  5 draconian stormcallers
  Louise (Swamp:4)
  3 spriggan defenders
  13 ironbound preservers
  15 stone giants
  10 quicksilver oozes
  5 war gargoyles
  2 reapers
  12 very ugly things
  3 deep elf demonologists
  9 ironbound thunderhulks
  18 black draconians
  3 vampire knights
  A demonspawn black sun (WizLab)
  10 green draconians
  2 halazid warlocks (Desolation)
  A dire elephant (Lair:5)
  4 deep elf annihilators
  9 red draconians
  17 white draconians
  A bunyip (shapeshifter) (Vaults:5)
  4 lorocyprocas (WizLab)
  7 bunyips
  8 spark wasps (Depths:4)
  14 yellow draconians
  5 eleionomae
  10 purple draconians
  A starcursed mass (Abyss:3)
  7 deep elf death magi
  An eidolon (Vaults:3)
  A green death (Zot:1)
  7 jiangshi
  13 fire dragons
  2 blizzard demons (Abyss:3)
  4 crystal guardians
  A merfolk javelineer (Depths:1)
  An entropy weaver (Vaults:5)
  16 ettins
  Josephine (D:13)
  5 deep elf high priests
  27 yaktaur captains
  A merfolk impaler (Abyss:3)
  Harold (D:11)
  A shambling mangrove (Swamp:3)
  6 great orbs of eyes
  5 ragged hierophants (Desolation)
  7 ice dragons
  35 vault guards
  3 hell beasts
  3 salamander tyrants (Snake:4)
  4 servants of whispers (Desolation)
  6 rakshasas
  4 ogre magi (Vaults:5)
  Fannar (D:11)
  9 peacekeepers
  6 spriggan air magi
  2 centaur warriors
  3 ghost crabs
  9 hydras
  5 ironbound frosthearts
  4 boulder beetles
  6 two-headed ogres
  11 alligators
  5 anacondas
  17 dancing weapons
  5 deep troll shamans
  15 naga warriors
  5 vampire magi
  3 tengu warriors
  6 deep troll earth magi
  9 naga sharpshooters
  2 thrashing horrors (Abyss:3)
  2 orc high priests (Orc:1)
  2 sun demons (WizLab)
  Urug (Orc:2)
  5 shock serpents
  18 deep elf knights
  4 spriggan berserkers
  A soul eater (D:8)
  19 hell knights
  Sonja (D:12)
  Amaemon (D:11)
  5 salamander mystics
  2 sixfirhies (WizLab)
  A wretched star (Abyss:3)
  4 iron trolls
  5 skeletal warriors (D:15)
  46 deep trolls
  A shadow wraith (Vaults:5)
  A flayed ghost (Depths:2)
  4 goliath frogs
  2 glowing orange brains
  7 swamp dragons
  A glowing orange brain (shapeshifter) (Depths:2)
  A sea snake (shapeshifter) (Vaults:5)
  3 spriggan druids
  3 shadow demons
  8 naga ritualists
  4 bog bodies
  6 harpies (Vaults:1)
  20 ironbound convokers
  15 lindwurms
  11 deep elf archers
  5 phantasmal warriors
  4 wizards
  34 deep elf pyromancers
  5 orc knights
  3 orc sorcerers (Orc:2)
  14 mana vipers
  6 necromancers
  26 deep elf zephyrmancers
  A cyclops (D:11)
  5 shining eyes
  2 manticores
  A human zombie (Vaults:4)
  15 salamanders
  10 ugly things
  31 moths of wrath
  A moth of wrath (shapeshifter) (Vaults:5)
  3 will-o-the-wisps
  A fire giant skeleton (Vaults:4)
  4 rust devils (WizLab)
  20 naga magi
  Maurice (D:13)
  19 vault sentinels
  7 smoke demons
  3 apocalypse crabs (Abyss:3)
  An eye of devastation (Slime:4)
  11 guardian serpents
  46 black mambas
  13 cane toads
  2 torpor snails (Lair:3)
  2 demonic crawlers (Abyss:3)
  4 gargoyles
  38 yaktaurs
  3 hellions
  4 orange demons
  3 swamp worm zombies (Swamp:4)
  2 yaktaurs (shapeshifter)
  A yaktaur zombie (Vaults:2)
  3 rime drakes
  2 tengu conjurers
  5 komodo dragons
  A freezing wraith (Vaults:5)
  6 ice devils
  3 ancient zymes
  A red devil (Zot:5)
  A yaktaur skeleton (Vaults:4)
  3 trolls
  9 polar bears
  8 tyrant leeches
  13 hornets
  46 saltlings (Desolation)
  2 trolls (shapeshifter)
  A hellwing (WizLab)
  A hornet (shapeshifter) (Depths:2)
  11 blink frogs
  4 alligator zombies (Swamp:4)
  5 raiju (Abyss:3)
  3 air elementals
  An ettin skeleton (Abyss:3)
  A culicivora (shapeshifter) (Vaults:5)
  A vampire (D:9)
  3 ynoxinuls
  A shadow (D:11)
  5 flying skulls (Abyss:3)
  98 slime creatures
  2 wyverns
  4 wraiths
  8 water elementals
  17 spriggans
  2 basilisks
  42 yaks
  4 steam dragons
  7 humans (D:14)
  3 fire elementals
  4 neqoxecs
  29 vampire mosquitoes
  A chaos spawn (Abyss:3)
  36 nagas
  A yaktaur simulacrum (Vaults:2)
  A glowing shapeshifter zombie (Vaults:2)
  5 wargs
  16 swamp worms
  A water moccasin (shapeshifter) (D:15)
  8 large abominations (Abyss:3)
  10 water moccasins
  3 black bears
  2 floating eyes
  An ice beast (D:7)
  25 orc warriors
  A swamp drake (Swamp:2)
  A sky beast (Abyss:3)
  9 ogres
  5 small abominations
  8 boggarts
  3 wolves (Lair:1)
  18 centaurs
  3 kobold brigands
  2 earth elementals (Elf:3)
  2 gnoll sergeants (D:11)
  9 bullfrogs
  3 scorpions
  9 wights
  8 killer bees
  6 electric eels
  2 centaur zombies (Ossuary)
  2 jellies
  22 orc priests
  10 hounds
  An iron imp (Abyss:2)
  A sleepcap (D:4)
  7 iguanas
  Jessica (D:2)
  Terence (D:2)
  15 orc wizards
  Natasha (twice) (D:2)
  4 mummies (Ossuary)
  20 gnolls
  7 adders
  3 white imps
  An ufetubus (Abyss:3)
  A worm (D:2)
  2 dart slugs
  78 orcs
  9 ball pythons
  7 endoplasms
  4 giant cockroaches
  6 goblins (D:3)
  10 hobgoblins
  9 jackals
  21 kobolds
  4 quokkas
  4 bats
  3 frilled lizards
  2 hobgoblin zombies (Ossuary)
  2 rats
2124 creatures vanquished.

Vanquished Creatures (collateral kills)
  the Royal Jelly (Slime:5)
  An orb of fire (Zot:5)
  A juggernaut (Depths:3)
  Xtahua (Vaults:4)
  2 Orb Guardians (Zot:5)
  3 tentacled monstrosities
  Mlioglotl (Swamp:4)
  An ancient champion (Vaults:3)
  An azure jelly (Slime:5)
  A cacodemon (Depths:2)
  An eleionoma (Swamp:4)
  A purple draconian (Zot:2)
  A fire dragon (Depths:2)
  An ice dragon (Depths:2)
  An anaconda (Snake:3)
  A deep troll shaman (Depths:2)
  A vampire mage (Vaults:3)
  A naga ritualist (Snake:2)
  An orc knight (Orc:1)
  A vault sentinel (Vaults:4)
  A guardian serpent (Snake:4)
  A rust devil (Depths:2)
  2 naga magi
  2 black mambas
  4 slime creatures
  3 orcs (Orc:1)
36 creatures vanquished.

Vanquished Creatures (others)
  An eldritch tentacle (Zot:1)
  A draconian knight (Zot:2)
  A draconian scorcher (Zot:2)
  A black draconian (Zot:1)
  An alligator (Swamp:2)
  An anaconda (Lair:5)
  A shock serpent (Snake:4)
  A deep elf knight (Elf:2)
  A deep elf pyromancer (Elf:1)
  A deep elf zephyrmancer (Elf:1)
  A bloated husk (Swamp:1)
  A saltling (Desolation)
  2 water elementals
  2 foxfires (Swamp:2)
  29 fungi
  A lurking horror (Abyss:3)
  34 plants
  4 withered plants (Zot:2)
84 creatures vanquished.

Grand Total: 2244 creatures vanquished

Notes
Turn   | Place    | Note
-------+----------+-------------------------------------------
     0 | D:1      | ragingrage the Octopode Berserker began the quest for the
                  | Orb.
     0 | D:1      | Reached XP level 1. HP: 16/16 MP: 1/1
   148 | D:1      | Reached skill level 1 in Stealth
   232 | D:1      | Reached XP level 2. HP: 19/21 MP: 2/2
  1070 | D:2      | Noticed Jessica
  1105 | D:2      | Killed Jessica
  1106 | D:2      | Reached XP level 3. HP: 20/26 MP: 3/3
  1195 | D:2      | Reached ** piety under Trog
  1202 | D:2      | Noticed Terence
  1354 | D:2      | Reached XP level 4. HP: 13/31 MP: 4/4
  1456 | D:2      | Killed Terence
  1564 | D:2      | Noticed Natasha
  1570 | D:2      | Killed Natasha
  1571 | D:2      | Reached skill level 5 in Long Blades
  2017 | D:3      | Reached XP level 5. HP: 36/36 MP: 5/5
  2712 | D:3      | Reached XP level 6. HP: 42/42 MP: 6/6
  3053 | D:4      | Reached *** piety under Trog
  3058 | D:4      | Noticed a yak
  3257 | D:4      | Reached XP level 7. HP: 39/46 MP: 7/7
  3548 | D:4      | Identified the +2 pair of boots "Tupin" {rC+ Str+3}
  3872 | D:4      | Noticed a yak
  3873 | D:4      | Noticed a yak
  3874 | D:4      | Noticed a yak
  3912 | D:4      | Killed a yak
  3913 | D:4      | Reached skill level 5 in Dodging
  3995 | D:5      | Entered Level 5 of the Dungeon
  4088 | D:5      | Identified the +7 spear of Youthful Indiscretion {vamp,
                  | Drain rN+ Will+}
  4112 | D:5      | Reached XP level 8. HP: 52/52 MP: 8/8
  4190 | D:5      | Found an iron altar of Okawaru.
  4191 | D:5      | Found an opulent altar of Gozag.
  4192 | D:5      | Found a shimmering altar of Xom.
  4444 | D:5      | Found a staircase to the Ecumenical Temple.
  5037 | D:6      | You fall into a shaft and drop 2 floors!
  5058 | D:9      | Noticed a two-headed ogre
  5210 | D:8      | Reached **** piety under Trog
  5375 | D:8      | Reached skill level 10 in Long Blades
  5558 | D:8      | Found a staircase to the Lair.
  5644 | D:7      | Found Laesset's Weapon Shop.
  5649 | D:7      | Bought the +1 scimitar "Arru Hakk" {flame, Will+} for 322
                  | gold pieces
  5690 | D:7      | Reached XP level 9. HP: 40/56 MP: 9/9
  5794 | D:7      | Found a sand-covered staircase.
  5802 | Ossuary  | Entered an ossuary
  5917 | D:7      | Reached skill level 15 in Long Blades
  5917 | D:7      | Reached XP level 10. HP: 63/63 MP: 10/10
  6197 | D:6      | Reached skill level 1 in Evocations
  7557 | D:7      | Reached ***** piety under Trog
  8108 | D:8      | Found a snail-covered altar of Cheibriados.
  8624 | D:8      | Found a hazy altar of Hepliaklqana.
  8656 | D:8      | Noticed a two-headed ogre
  8663 | D:8      | Killed a two-headed ogre
  8890 | D:8      | Found a glowing golden altar of the Shining One.
  9079 | D:9      | Reached XP level 11. HP: 47/69 MP: 11/11
  9182 | D:9      | Noticed a two-headed ogre
  9195 | D:9      | Killed a two-headed ogre
  9196 | D:9      | Reached skill level 5 in Stealth
  9667 | D:9      | Found Basoz's Weapon Shop.
  9696 | D:9      | Killed a two-headed ogre
 10066 | D:9      | Noticed a boulder beetle
 10293 | D:10     | Entered Level 10 of the Dungeon
 10407 | D:10     | Reached skill level 5 in Fighting
 10595 | D:10     | Found a staircase to the Orcish Mines.
 10614 | D:10     | Received a gift from Trog
 10695 | D:10     | Noticed a two-headed ogre
 10703 | D:10     | Killed a two-headed ogre
 11658 | D:11     | Reached skill level 5 in Evocations
 11661 | D:11     | Noticed a cyclops
 11715 | D:11     | Noticed Amaemon
 12112 | D:11     | Noticed Harold
 12340 | D:11     | Reached skill level 1 in Shields
 12373 | D:11     | Reached XP level 12. HP: 40/80 MP: 12/12
 12675 | D:11     | Noticed Fannar
 12786 | Lair:1   | Entered Level 1 of the Lair of Beasts
 15286 | Lair:2   | Reached skill level 10 in Dodging
 15417 | Lair:2   | Found a staircase to the Swamp.
 15795 | Lair:3   | Received a gift from Trog
 15896 | Lair:3   | Reached XP level 13. HP: 64/90 MP: 13/13
 16010 | Lair:3   | Found a staircase to the Snake Pit.
 16601 | Lair:3   | Noticed Nessos
 16644 | Lair:3   | Nessos changed into Nessos the shock serpent
 16644 | Lair:3   | Noticed Nessos
 16649 | Lair:3   | Killed Nessos the shock serpent
 18220 | Lair:4   | Found a viscous altar of Jiyva.
 18221 | Lair:4   | Found a staircase to the Slime Pits.
 19234 | Lair:5   | Entered Level 5 of the Lair of Beasts
 19235 | Lair:5   | Found a shimmering altar of Xom.
 19251 | Lair:5   | Reached skill level 10 in Fighting
 19480 | Lair:5   | Identified the +0 whip of Accord {distort, rElec rC+}
 20204 | Lair:5   | Noticed a dire elephant
 20221 | Lair:5   | Killed a dire elephant
 21037 | Orc:1    | Entered Level 1 of the Orcish Mines
 21037 | Orc:1    | Found Hamen's Assorted Antiques.
 21045 | Orc:1    | Bought an opal ring for 145 gold pieces
 21045 | Orc:1    | Bought a shiny granite ring for 145 gold pieces
 21054 | Orc:1    | Found Meomuse's Distillery.
 21259 | Orc:1    | Bought a potion of degeneration for 10 gold pieces
 21322 | Orc:1    | Found Icsubin's Distillery.
 21509 | Orc:2    | Entered Level 2 of the Orcish Mines
 21545 | Orc:1    | Reached XP level 14. HP: 84/99 MP: 14/14
 21791 | Orc:1    | Reached skill level 10 in Stealth
 21882 | Orc:2    | Found a staircase to the Elven Halls.
 22043 | Orc:2    | Noticed an orc warlord
 22378 | Orc:2    | Killed an orc warlord
 22667 | Orc:2    | Noticed Urug
 23157 | Orc:2    | Killed Urug
 23367 | Orc:1    | Reached skill level 5 in Shields
 23380 | Orc:1    | Found a shimmering altar of Xom.
 23658 | Orc:2    | Found Kabumoer's Antique Armour Boutique.
 23704 | Orc:2    | Found a burning altar of Makhleb.
 23828 | Orc:2    | Found Tiejeova's Jewellery Boutique.
 23834 | Orc:2    | Bought the ring "Ongu" {Will+ rCorr MP-9 Str+4} for 352
                  | gold pieces
 23844 | Orc:2    | Found Xaptoni's Antique Weapon Boutique.
 23877 | Orc:2    | Found Cikotyff's General Store.
 23884 | Orc:2    | Bought 2 scrolls of blinking for 195 gold pieces
 23945 | Orc:2    | Bought a runed kite shield for 202 gold pieces
 24049 | D:11     | Killed Fannar
 24345 | D:11     | Killed Amaemon
 24905 | D:11     | Killed Harold
 25578 | D:12     | Found a portal to a secret trove of treasure.
 26276 | D:12     | Noticed Sonja
 26281 | D:12     | Killed Sonja
 26447 | D:12     | You paid a toll of 7 potions of haste to enter a treasure
                  | trove
 26448 | Trove    | Entered a treasure trove
 26504 | Trove    | Found the +3 hat of Pondering {ponderous, Will+ MP+10
                  | Int+5}
 26509 | Trove    | Identified the +0 hat "Fyosihet" {Slay+5}
 26576 | D:12     | Reached XP level 15. HP: 107/107 MP: 6/15
 26624 | D:13     | Noticed Josephine
 26628 | D:13     | Killed Josephine
 26824 | D:13     | Noticed Maurice
 26830 | D:13     | Killed Maurice
 27430 | D:14     | Received a gift from Trog
 27725 | D:14     | Noticed a tengu reaver
 27726 | D:14     | Found a runed translucent door.
 27729 | D:14     | Noticed a fire giant
 27729 | D:14     | Noticed a tengu reaver
 27729 | D:14     | Noticed a tengu reaver
 27729 | D:14     | Noticed a tengu reaver
 27729 | D:14     | Noticed a fire giant
 27766 | D:14     | Found a gate to the Vaults.
 27906 | D:14     | Identified the +4 trident of the Pits of Slime {heavy,
                  | Dex+3}
 28137 | D:15     | Entered Level 15 of the Dungeon
 28231 | D:15     | Found a staircase to the Depths.
 28231 | D:15     | Noticed a fire giant
 28257 | D:15     | Reached XP level 16. HP: 114/114 MP: 7/16
 28265 | D:15     | Found Daonafys's Jewellery Boutique.
 28278 | D:15     | Bought a +6 ring of dexterity for 468 gold pieces
 28806 | D:15     | Reached skill level 10 in Shields
 29339 | Swamp:1  | Entered Level 1 of the Swamp
 31073 | Swamp:3  | Identified the +5 hand axe "Qieshar" {venom, Will+ Dex+7}
 31159 | Swamp:3  | Identified a scroll of acquirement
 31186 | Swamp:3  | Acquired the +5 scimitar "Jufreb" {freeze, rN+ Will+}
 31472 | Swamp:3  | Reached ****** piety under Trog
 31479 | Swamp:3  | Reached XP level 17. HP: 75/119 MP: 8/17
 31671 | Swamp:4  | Entered Level 4 of the Swamp
 31761 | Swamp:4  | Received a gift from Trog
 31821 | Swamp:4  | Noticed Mlioglotl
 31829 | Swamp:4  | Noticed a tentacled starspawn
 31833 | Swamp:4  | Killed Mlioglotl
 32028 | Swamp:4  | Noticed Louise
 32053 | Swamp:4  | Killed Louise
 32069 | Swamp:4  | Identified the +6 chain mail of Analysis {rElec rN+}
 32176 | Swamp:4  | Reached skill level 15 in Shields
 32549 | Swamp:4  | Reached skill level 15 in Dodging
 33073 | Snake:1  | Entered Level 1 of the Snake Pit
 33265 | Snake:1  | Noticed Rupert
 33271 | Snake:1  | Killed Rupert
 35878 | Snake:3  | Noticed Mara
 35902 | Snake:3  | Noticed ragingrage's illusion
 35907 | Snake:3  | Killed Mara
 36471 | Snake:3  | Reached XP level 18. HP: 127/127 MP: 9/18
 37064 | Snake:3  | Found a broken altar of Ashenzari.
 37294 | Snake:3  | Received a gift from Trog
 37355 | Snake:3  | Reached skill level 10 in Evocations
 37672 | Snake:4  | Entered Level 4 of the Snake Pit
 39960 | Snake:4  | Received a gift from Trog
 41666 | Snake:4  | Noticed a quicksilver dragon
 41866 | Snake:4  | Killed a quicksilver dragon
 41938 | Snake:4  | Noticed a quicksilver dragon
 41944 | Snake:4  | Killed a quicksilver dragon
 42072 | Snake:4  | Got a serpentine rune of Zot
 42452 | Vaults:1 | Entered Level 1 of the Vaults
 42596 | Vaults:1 | Reached XP level 19. HP: 117/137 MP: 10/19
 42810 | Vaults:1 | Identified the +5 falchion of the Goat {freeze, *Corrode
                  | rN+ Int+5}
 43557 | Vaults:1 | Received a gift from Trog
 43934 | Vaults:2 | Reached skill level 15 in Fighting
 44474 | Vaults:2 | Received a gift from Trog
 45092 | Vaults:2 | Found Hiteadu's Book Emporium.
 45524 | Vaults:2 | Acquired the +0 kite shield "Jeinein" {rF+ rC+ rN+ Int-4
                  | Slay+3}
 45832 | Vaults:3 | Found a staircase to the Crypt.
 45838 | Vaults:3 | Reached XP level 20. HP: 146/146 MP: 11/20
 46086 | Vaults:3 | Received a gift from Trog
 46719 | Vaults:3 | Found Umyisofi's Assorted Antiques.
 46728 | Vaults:3 | Bought a smoking granite ring for 160 gold pieces
 46728 | Vaults:3 | Identified the ring "Zoyffeq" {Drain Fly rF+ rN+} (You
                  | bought it in a shop on level 3 of the Vaults)
 47240 | Vaults:4 | Found a crumbling gateway.
 47267 | Desolati | Entered the Desolation of Salt
 47495 | Desolati | Identified the ring "Ihepne" {rF+ rC+ Will+ Dex+7}
 47535 | Desolati | Received a gift from Trog
 47615 | Desolati | Found the +8 storm bow {elec, penet}
 47661 | Desolati | Identified the ring "Vadut" {Dex+3 SInv}
 47668 | Desolati | Identified the +2 storm dragon scales of Edekirr {Drain
                  | rElec Regen+ Str+6 Slay-2}
 48426 | Vaults:4 | Reached skill level 15 in Evocations
 48430 | Vaults:4 | Identified the +3 long sword "Narhinel" {heavy, rC+ Str-3
                  | Dex+3} (Trog gifted it to you on level 4 of the Vaults)
 48430 | Vaults:4 | Received a gift from Trog
 48520 | Vaults:4 | Noticed Xtahua
 48530 | Vaults:4 | Killed Xtahua
 48838 | Vaults:4 | Noticed Margery
 48877 | Vaults:4 | Reached XP level 21. HP: 126/153 MP: 12/21
 50087 | Vaults:4 | Killed Margery
 50204 | Vaults:4 | Reached skill level 15 in Stealth
 50588 | Elf:1    | Entered Level 1 of the Elven Halls
 50600 | Elf:1    | Received a gift from Trog
 51478 | Elf:1    | Received a gift from Trog
 51542 | Elf:2    | Found Wijosaire's General Store.
 52059 | Elf:2    | Received a gift from Trog
 52109 | Elf:2    | Found a runed translucent gate.
 52110 | Elf:2    | Found a runed translucent gate.
 52110 | Elf:2    | Found a runed translucent gate.
 52416 | Elf:3    | Entered Level 3 of the Elven Halls
 52421 | Elf:3    | Noticed Zenata
 52433 | Elf:3    | Killed Zenata
 52773 | Elf:3    | Found an ancient bone altar of Kikubaaqudgha.
 53415 | Elf:3    | Received a gift from Trog
 54896 | Elf:3    | Identified the +8 falchion of Dull True Grit {flame, rF+
                  | rC+ Str+2}
 54898 | Elf:3    | Reached XP level 22. HP: 149/163 MP: 13/22
 55285 | Elf:3    | Identified the +4 leather armour "Worchecle" {+Blink rCorr}
 55285 | Elf:3    | Identified the amulet of Tupyf {Acrobat rElec}
 55690 | Elf:3    | Received a gift from Trog
 55828 | Elf:3    | Identified the staff of cold "Vucsuat" {*Slow rC+ Will+
                  | Int+4 Dex+2}
 56444 | Elf:3    | Found an ancient bone altar of Kikubaaqudgha.
 57454 | D:14     | Identified the scarf of the Slightly Bent {repulsion,
                  | +Blink Will++ Dex+8 Slay-2}
 57596 | Orc:2    | Bought the ring of Qukutokh {Ice rPois Str-5 Slay+6} for
                  | 661 gold pieces
 57811 | Slime:1  | Entered Level 1 of the Pits of Slime
 59278 | Slime:5  | Entered Level 5 of the Pits of Slime
 59305 | Slime:4  | Identified the +10 long sword of Satyriasis {heavy, *Slow
                  | rElec Str+2} (Trog gifted it to you on level 4 of the Pits
                  | of Slime)
 59305 | Slime:4  | Received a gift from Trog
 59436 | Slime:5  | Gained mutation: You occasionally shout uncontrollably at
                  | your foes. [a shining eye]
 59437 | Slime:5  | Gained mutation: You sometimes lose your temper in combat.
                  | [a shining eye]
 59474 | Slime:4  | Lost mutation: You sometimes lose your temper in combat.
                  | [potion of mutation]
 59474 | Slime:4  | Lost mutation: You occasionally shout uncontrollably at
                  | your foes. [potion of mutation]
 59474 | Slime:4  | Gained mutation: You do not regenerate when monsters are
                  | visible. [potion of mutation]
 59474 | Slime:4  | Gained mutation: You passively dampen the noise of your
                  | surroundings. [potion of mutation]
 59474 | Slime:4  | Gained mutation: Your mind is acute. (Int +4, Str/Dex -1)
                  | [potion of mutation]
 59475 | Slime:4  | Lost mutation: You do not regenerate when monsters are
                  | visible. [potion of mutation]
 59475 | Slime:4  | Lost mutation: You passively dampen the noise of your
                  | surroundings. [potion of mutation]
 59475 | Slime:4  | Lost mutation: Your mind is acute. (Int +4, Str/Dex -1)
                  | [potion of mutation]
 59475 | Slime:4  | Gained mutation: You are somewhat resistant to further
                  | mutation. [potion of mutation]
 59475 | Slime:4  | Gained mutation: Your spells are a little easier to cast,
                  | but a little less powerful. [potion of mutation]
 59475 | Slime:4  | Gained mutation: Your mind is acute. (Int +4, Str/Dex -1)
                  | [potion of mutation]
 59875 | Slime:5  | Found a viscous altar of Jiyva.
 59875 | Slime:5  | Noticed the Royal Jelly
 59886 | Slime:5  | Found the ring of Shadows {Umbra +Inv Stlth+}
 59899 | Slime:5  | Killed the Royal Jelly
 59931 | Slime:5  | Identified the amulet of Wialirch {Regen+ Dex+3}
 59949 | Slime:5  | Found the +3 greatsling "Punk" {acid, rCorr}
 59964 | Slime:5  | Identified the +11 quarterstaff of the Apocalypse {spect,
                  | rF- rN++ Dex+3}
 60042 | Slime:5  | Reached skill level 1 in Ranged Weapons
 60069 | Slime:5  | Identified the +8 flail of Imot {vamp, rCorr}
 60073 | Slime:5  | Identified the +11 great mace of Understanding {holy,
                  | Str+4}
 60100 | Slime:5  | Got a slimy rune of Zot
 60261 | Slime:5  | Identified the staff of death "Jiufeask" {rElec rC+ rN+}
 60616 | Depths:1 | Entered Level 1 of the Depths
 60880 | Depths:1 | Found a gateway to Hell.
 61091 | Depths:1 | Found a corrupted altar of Lugonu.
 61092 | Depths:1 | Found a one-way gate to the infinite horrors of the Abyss.
 61352 | Depths:1 | Reached XP level 23. HP: 171/171 MP: 14/23
 61361 | Depths:1 | Received a gift from Trog
 61493 | Depths:1 | Reached skill level 5 in Ranged Weapons
 61797 | Depths:1 | You are sucked into a shaft and drop 1 floor!
 62107 | Depths:2 | Noticed Grunn
 62122 | Depths:2 | Killed Grunn
 62227 | Depths:2 | Found a one-way gate leading to the halls of Pandemonium.
 62641 | Depths:2 | Found Qiusyev's Weapon Emporium.
 62646 | Depths:2 | Found Reycom's Jewellery Emporium.
 62649 | Depths:2 | Bought a throwing net for 63 gold pieces
 63118 | Depths:2 | Identified the ring of Zos Giask {Fly rN+ Will+ Str+2}
 63123 | Depths:2 | Identified the +5 long sword "Ogat" {flame, rPois SInv}
                  | (Trog gifted it to you on level 2 of the Depths)
 63123 | Depths:2 | Received a gift from Trog
 63135 | Depths:2 | Reached skill level 10 in Ranged Weapons
 64032 | Depths:2 | Noticed Nikola
 64042 | Depths:2 | Killed Nikola
 64334 | Depths:3 | Found a magical portal.
 64347 | WizLab   | Entered The Hall of the Hellbinder
 64504 | WizLab   | Received a gift from Trog
 64888 | WizLab   | Identified the +8 lajatang "Widas" {vamp, *Noise +Blink
                  | rN++}
 64888 | WizLab   | Noticed Ziujy
 64896 | WizLab   | Killed Ziujy the Hellbinder
 64904 | WizLab   | Found a burning altar of Makhleb.
 64919 | WizLab   | Identified the staff of fire "Seuwaikh" {rPois rF+}
 65003 | Depths:3 | Noticed a golden dragon
 65012 | Depths:3 | Killed a golden dragon
 65283 | Depths:3 | Reached XP level 24. HP: 170/177 MP: 14/23
 65446 | Depths:3 | Noticed a juggernaut
 65456 | Depths:3 | Killed a juggernaut
 65802 | Depths:4 | Entered Level 4 of the Depths
 65875 | Depths:4 | Found a one-way gateway to a ziggurat.
 66090 | Depths:4 | Received a gift from Trog
 66605 | Depths:4 | Noticed a juggernaut
 66610 | Depths:4 | Killed a juggernaut
 67333 | Depths:4 | Found a runed translucent door.
 67341 | Depths:4 | Found a runed translucent door.
 67351 | Depths:4 | Found a runed translucent door.
 67356 | Depths:4 | Found a runed translucent door.
 67356 | Depths:4 | Found a runed translucent door.
 67429 | Depths:4 | Found a runed translucent door.
 67459 | Depths:4 | Found a gate to the Realm of Zot.
 67957 | Vaults:5 | Entered Level 5 of the Vaults
 67988 | Vaults:5 | Received a gift from Trog
 68174 | Vaults:5 | Identified the staff of death "Kuabumi" {Drain rN+ Str+3}
 68234 | Vaults:5 | Reached XP level 25. HP: 96/189 MP: 14/23
 68666 | Vaults:5 | Received a gift from Trog
 68668 | Vaults:5 | Identified the staff of conjuration "Dogitu" {rPois rN+
                  | SInv Stlth-}
 68906 | Vaults:5 | Noticed an ancient lich
 68913 | Vaults:5 | Killed an ancient lich
 69603 | Vaults:5 | Got a silver rune of Zot
 69604 | Vaults:5 | Identified the staff of conjuration "Hezeydgh" {Dex+3}
 69630 | Vaults:5 | Identified the +1 leather armour "Eshoh" {Int+3}
 69736 | Vaults:5 | Received a gift from Trog
 69951 | Vaults:5 | Noticed a dread lich
 69965 | Vaults:5 | Killed a dread lich
 70151 | Vaults:5 | Identified the +6 flail "Ocuywn" {venom, *Slow rElec rC+++
                  | Int+3}
 70151 | Vaults:5 | Identified the +2 robe of the Hidden Vale {Harm rCorr Dex-2
                  | Archmagi}
 70708 | Zot:1    | Entered Level 1 of the Realm of Zot
 71288 | Zot:1    | Received a gift from Trog
 71347 | Zot:1    | Reached XP level 26. HP: 176/199 MP: 14/23
 71497 | Zot:1    | Noticed an orb of fire
 71683 | Zot:1    | Killed an orb of fire
 72568 | Zot:2    | Noticed an orb of fire
 72859 | Zot:2    | Noticed an orb of fire
 73306 | Zot:2    | Received a gift from Trog
 74003 | Zot:2    | Killed an orb of fire
 74501 | Zot:2    | Lost mutation: Your mind is acute. (Int +4, Str/Dex -1) [an
                  | orb of fire]
 74506 | Zot:2    | Killed an orb of fire
 74865 | Zot:2    | Found a runed translucent gate.
 74866 | Zot:2    | Found a runed translucent gate.
 74867 | Zot:2    | Found a runed translucent gate.
 74868 | Zot:2    | Noticed Vyqe's ghost (master MfIE)
 74876 | Zot:2    | Noticed Pet Giop's ghost (veteran OgBe)
 77505 | Zot:4    | Noticed an orb of fire
 77513 | Zot:4    | Killed an orb of fire
 77514 | Zot:4    | Reached XP level 27. HP: 207/207 MP: 14/23
 77682 | Zot:5    | Entered Level 5 of the Realm of Zot
 78664 | Zot:5    | Received a gift from Trog
 79214 | Zot:5    | Noticed an orb of fire
 79227 | Zot:5    | Killed an orb of fire
 79607 | Zot:5    | Noticed a dread lich
 79621 | Zot:5    | Killed a dread lich
 81183 | Zot:5    | Noticed an ancient lich
 81185 | Zot:5    | Noticed an orb of fire
 81198 | Zot:5    | Killed an orb of fire
 81205 | Zot:5    | Noticed an orb of fire
 81208 | Zot:5    | Noticed a dread lich
 81218 | Zot:5    | Killed an orb of fire
 81222 | Zot:5    | Killed a dread lich
 81222 | Zot:5    | Killed an ancient lich
 82151 | Zot:5    | Noticed a dread lich
 82175 | Zot:5    | Killed a dread lich
 82382 | Zot:5    | Noticed an orb of fire
 82390 | Zot:5    | Gained mutation: You are weak. (Str -2) [an orb of fire]
 82396 | Zot:5    | Killed an orb of fire
 82745 | Depths:3 | Voluntarily entered the Abyss.
 82745 | Abyss:1  | Found a corrupted altar of Lugonu.
 82838 | Abyss:3  | Found a corrupted altar of Lugonu.
 82854 | Abyss:3  | Found a shimmering altar of Xom.
 82854 | Abyss:3  | Found a shimmering altar of Xom.
 82854 | Abyss:3  | Found a shimmering altar of Xom.
 82856 | Abyss:3  | Found a shimmering altar of Xom.
 82856 | Abyss:3  | Found a shimmering altar of Xom.
 82856 | Abyss:3  | Found a corrupted altar of Lugonu.
 82930 | Abyss:3  | Received a gift from Trog
 83141 | Depths:3 | Escaped the Abyss
 83143 | Depths:3 | Voluntarily entered the Abyss.
 83294 | Abyss:3  | Got an abyssal rune of Zot
 83378 | Depths:3 | Escaped the Abyss
 83646 | Zot:5    | Got the Orb of Zot
 83905 | Depths:2 | Noticed Izuver the pandemonium lord
 83918 | Depths:2 | Killed Izuver the pandemonium lord
 84129 | D:8      | Received a gift from Trog
 84202 | D:2      | Noticed Natasha
 84208 | D:2      | Killed Natasha
 84237 | D:$      | Escaped with the Orb!

Illustrated notes

Levels and vault maps discovered:
D:1:      saegor_arrival_simple_a, layout_basic
D:2:      layout_loops_ring, kennysheep_generic_room_4, uniq_jessica,
          uniq_natasha, uniq_terence
D:3:      layout_loops_cross, minmay_goblin_kobold_house
D:4:      layout_loops_cross
D:5:      layout_loops_ring, gammafunk_temple_overflow_forgotten,
          minmay_temple_entry_fiery
D:6:      layout_layer_cave
D:7:      layout_cave_pods, serial_shops, nicolae_shop_bloodbath_and_beyond,
          chequers_ossuary_entry_cave
D:8:      layout_rooms, kennysheep_slug_shrine,
          worldfamousw_hep_ancestral_shrine,
          mainiacjoe_overflow_surrounded_room, dpeg_oklobed_lair
D:9:      layout_gridville, serial_shops, shop
D:10:     layout_layer_cave, david_orc_2, kennysheep_pointless_box, st_stairs_8
D:11:     layout_cave_pods, gauntlet_entry_generic, uniq_fannar, uniq_amaemon,
          uniq_harold
D:12:     layout_basic, nicolae_trove_entry_crossroad, uniq_sonja
D:13:     layout_basic, uniq_maurice, uniq_josephine
D:14:     minmay_gate_of_8, layout_basic, ximxim_vaults_locker_room,
          nicolae_two_hexagons
D:15:     grunt_enter_depths_giant_problem, layout_basic, serial_shops,
          nicolae_lakefront_shop, nicolae_benzene_ring, hangedman_decor_lopped
Lair:1:   layout_cave_pods, grunt_megastairs_2
Lair:2:   layout_roguey, minmay_swamp_entry_swarm,
          chequers_serial_rivers_large_a, serial_bayou_shore_a
Lair:3:   layout_layer_cave, minmay_snake_entry_guardpost_small, uniq_nessos
Lair:4:   layout_hall_layers, nicolae_slime_entry_slimehenge,
          beast_lair_carwin_7, infiniplex_staircase_pool
Lair:5:   wormcave, layout_long_grid, guppyfry_lair_end_dragon, basic_altar,
          grunt_forest_small_clearings, chequers_serial_rivers_micro_d,
          grunt_forest_large_clearing_hut, infiniplex_staircase_pool_2
Swamp:1:  nicolae_swamp_secret_spriggan_hideout, layout_basic_swamp,
          evilmike_swamp_ruin_house_3
Swamp:2:  layout_basic_swamp, evilmike_swamp_ruin_house_6
Swamp:3:  layout_basic_swamp, nicolae_swamp_some_circles, swamp_pool1,
          st_swamp_mini
Swamp:4:  swamp_pestilence, layout_basic_swamp, swamp_pool2,
          nicolae_swamp_necromancer_hut, uniq_louise, uniq_mlioglotl
Snake:1:  layout_gridlike, uniq_rupert
Snake:2:  layout_chambers, drop_trap
Snake:3:  nicolae_snake_nest, layout_chambers, basic_altar, uniq_mara
Snake:4:  hellmonk_snake_rune_quicksilver_temple, layout_rooms, st_stairs_2,
          lemuel_fruit_tree
Slime:1:  layout_caves, cheibrodos_slime_lost_civilization_4
Slime:2:  layout_caves, nicolae_slime_barrier
Slime:3:  layout_caves
Slime:4:  layout_caves, nicolae_slime_crime_time
Slime:5
Orc:1:    layout_diamond_mine, serial_shops, shop, shop_coins, shop, basic_altar
Orc:2:    grunt_orc_cross, layout_caves, bloody_makhleb
Elf:1:    eino_elf_arrival_customs, layout_geoelf_grid,
          kennysheep_underground_church
Elf:2:    nicolae_elf_blades_crystal_corner, layout_geoelf_octagon,
          serial_shops, nicolae_stop_n_shop_2
Elf:3:    minmay_elf_hall, layout_geoelf_castle, basic_altar, uniq_zenata
Vaults:1: nicolae_vaults_an_arrangement, nicolae_vaults_windows_and_doors_thing,
          nicolae_vaults_hallways_thing, hangedman_vaults_river_flow,
          v_alt_pattern_3, nicolae_vaults_triangles, vaults_room_semicircle,
          nicolae_vaults_shelves_hall, nicolae_vaults_ring_of_whatevers,
          layout_vaults_omnibox
Vaults:2: vaults_room_door_hall, nicolae_vaults_puzzle_piece, v_misc_30,
          grunt_vaults_focal, hangedman_vaults_hat, v_misc_17,
          hangedman_vaults_maws, vaults_dpeg_diagonal, layout_vaults_big_room,
          serial_shops, shop
Vaults:3: v_misc_15, minmay_crypt_entry_simple_plaza, hangedman_vaults_nails,
          nicolae_vaults_bisected_slash, v_alt_pattern_4,
          nicolae_vaults_alarming, layout_vaults_omnigrid, serial_shops, shop
Vaults:4: portal_desolation_entry_ruin, v_misc_8, hangedman_vaults_nodes,
          ontoclasm_vaults_loading_screen, vaults_mumra_hex,
          nicolae_vaults_back_hallway, hangedman_vaults_slice,
          nicolae_vaults_mini_display_case, grunt_vaults_swirl,
          ontoclasm_vaults_chip, ontoclasm_vaults_twist, layout_vaults_ring,
          uniq_margery, uniq_xtahua
Vaults:5
Depths:1: cell_vault, layout_honeycomb, serial_sigils,
          serial_sigils_hangedman_shear, serial_sigils_hangedman_gut,
          serial_sigils_hangedman_shear, serial_sigils_hangedman_gut,
          serial_sigils_hangedman_scratch, hangedman_coc_ice_floe,
          chequers_serial_rivers_micro_e, abyss_entry_flame_altar
Depths:2: minmay_box_of_statues, layout_honeycomb, hangedman_abyss_entry_splay,
          hell_entry, rand_demon_pan_entry_1, hangedman_abyss_or_decor_slice,
          dreamdust_wishing_well, minmay_shop_star, uniq_josephina, uniq_grunn,
          uniq_nikola
Depths:3: nicolae_cairo_tiling_large_dashed, layout_gridlike, hell_entry,
          abyss_entry, infiniplex_enter_wizlab_glasses, dispersion_dpeg
Depths:4: evilmike_zot_entry_castle, layout_gridlike, enter_ziggurat_e,
          hell_entry, minmay_misc_feat_x
Zot:1:    kennysheep_ambush_hall, layout_cellular_growth
Zot:2:    kennysheep_bubbly, layout_misc_corridors, gammafunk_ghost_cemetery,
          lemuel_lake_of_fire
Zot:3:    layout_basic, drop_trap, grunt_ministairs_15
Zot:4:    layout_misc_corridors
Zot:5:    layout_basic, st_stairs_7, hangedman_zot_decor_slant

Skill      XL: |  1  2  3  4  5  6  7  8  9 10 11 12 13 14 15 16 17 18 19 20 21 22 23 24 25 26 27 |
---------------+----------------------------------------------------------------------------------+-----
Stealth        | 1 2 4 8 9 10 11 14 16 17 | 17.2
Long Blades    | 4 5 6 7 10 15 19 23 | 23.6
Dodging        | 4 5 6 8 10 12 13 14 17 18 19 20 21 22 23 | 23.0
Evocations     | 3 5 6 8 9 12 13 15 | 15.0
Fighting       | 4 6 9 10 11 12 14 15 16 17 18 19 21 22 | 22.0
Shields        | 1 3 4 8 9 14 15 16 17 21 22 23 | 23.0
Ranged Weapons | 3 13 14 | 14.0
Short Blades   | |  0.6

Action                     |  1- 3 |  4- 6 |  7- 9 | 10-12 | 13-15 | 16-18 | 19-21 | 22-24 | 25-27 || total
---------------------------+-------+-------+-------+-------+-------+-------+-------+-------+-------++-------
  Melee: Falchion          |    35 |    57 |    44 |       |       |       |       |       |       ||   136
         Constrict         |    14 |    30 |    28 |    67 |    94 |    97 |   176 |   131 |   108 ||   745
         Tentacles         |    10 |    21 |    32 |   116 |   184 |   252 |   300 |   378 |   251 ||  1544
         Dagger            |    21 |    47 |    54 |    15 |    66 |    58 |    28 |     8 |     1 ||   298
         Punch             |     1 |     3 |     2 |     7 |    10 |    21 |    27 |    25 |    17 ||   113
         Scimitar          |       |       |    25 |   410 |   532 |   711 |   678 |       |       ||  2356
         Double sword      |       |       |       |       |       |       |   213 |   998 |   449 ||  1660
         Demon blade       |       |       |       |       |       |       |       |       |   196 ||   196
   Fire: Shortbow          |       |       |    33 |    99 |       |       |       |       |       ||   132
         Greatsling        |       |       |       |       |       |       |       |   136 |   802 ||   938
  Throw: Dart              |       |       |     2 |     3 |     2 |       |       |       |       ||     7
         Boomerang         |       |       |       |       |       |     2 |       |       |       ||     2
         Throwing net      |       |       |       |       |       |       |       |     1 |     6 ||     7
 Invoke: Berserk           |       |     3 |       |     3 |     6 |     1 |       |       |       ||    13
         Trog's Hand       |       |       |       |     4 |     2 |     3 |     4 |     8 |     3 ||    24
         Brothers in Arms  |       |       |       |       |     1 |     5 |       |     6 |     3 ||    15
  Evoke: Wand              |       |       |     4 |     4 |    11 |     8 |     2 |     9 |     6 ||    44
         Tin of tremorston |       |       |       |       |       |     4 |     2 |     4 |     3 ||    13
         Lightning rod     |       |       |       |       |       |     4 |       |       |       ||     4
         Condenser vane    |       |       |       |       |       |       |     4 |     7 |     3 ||    14
         Phial of floods   |       |       |       |       |       |       |     2 |     3 |       ||     5
         Box of beasts     |       |       |       |       |       |       |     2 |     2 |     2 ||     6
         Phantom mirror    |       |       |       |       |       |       |     1 |     1 |       ||     2
    Use: Scroll            |       |       |    12 |    10 |     7 |     6 |     6 |     5 |    14 ||    60
         Potion            |       |       |     1 |       |     1 |       |       |    11 |     9 ||    22
   Stab: Sleeping          |     9 |     7 |     5 |    11 |    28 |    49 |    50 |    50 |     2 ||   211
         Distracted        |       |       |       |     1 |     4 |     8 |     8 |     8 |     7 ||    36
         Held in net/web   |       |       |       |       |       |       |       |     1 |     5 ||     6
 Armour: Skin              |     4 |     2 |     5 |     4 |     6 |     2 |     1 |     9 |     7 ||    40
  Dodge: Dodged            |    30 |    46 |    74 |   233 |   257 |   327 |   429 |   664 |   498 ||  2558
  Block: Other             |       |     2 |    15 |    44 |       |       |       |       |       ||    61
         Buckler           |       |       |       |    66 |   157 |       |       |       |       ||   223
         Reflection        |       |       |       |     5 |     8 |    89 |    95 |    14 |       ||   211
         Kite shield       |       |       |       |       |   105 |   713 |   740 |   852 |   518 ||  2928

Table legend: (Time is in decaauts)
 A = Elapsed time spent in this place.
 B = Non-inter-level travel time spent in this place.
 C = Inter-level travel time spent in this place.
 D = Time resting spent in this place.
 E = Time spent auto-exploring this place.
 F = Levels seen in this place.
 G = Mean time per level.
                   A        B        C        D        E       F      G
               +--------+--------+--------+--------+--------+-----+--------+
         Total |  82885 |  74600 |   8285 |  26097 |  33852 |  60 | 1381.4 |
       Dungeon |  19585 |  16834 |   2751 |   3406 |  10093 |  15 | 1305.7 |
          Lair |   8585 |   7753 |    832 |   2503 |   4210 |   5 | 1717.0 |
         Swamp |   3567 |   3377 |    190 |   1101 |   1522 |   4 |  891.8 |
     Snake Pit |   9026 |   8741 |    285 |   4155 |   3083 |   4 | 2256.5 |
    Slime Pits |   2439 |   2262 |    177 |    898 |    789 |   5 |  487.8 |
  Orcish Mines |   3030 |   2806 |    224 |   1326 |    911 |   2 | 1515.0 |
   Elven Halls |   6223 |   5932 |    291 |   2548 |   2473 |   3 | 2074.3 |
        Vaults |   9894 |   8887 |   1007 |   3154 |   3866 |   5 | 1978.8 |
        Depths |   7212 |   5910 |   1302 |   1047 |   3604 |   4 | 1803.0 |
           Zot |  11082 |   9859 |   1223 |   5536 |   2746 |   5 | 2216.4 |
         Abyss |    581 |    581 |      0 |     16 |     52 |   4 |  145.2 |
         Trove |    101 |    101 |      0 |      0 |     70 |   1 |  101.0 |
       Ossuary |    100 |    100 |      0 |     12 |     37 |   1 |  100.0 |
        Wizlab |    622 |    622 |      0 |    218 |    181 |   1 |  622.0 |
    Desolation |    833 |    833 |      0 |    174 |    215 |   1 |  833.0 |
               +--------+--------+--------+--------+--------+-----+--------+

Top non-repeatable levels by time:
   Elf:3: 4353 daAuts
 Snake:4: 4102 daAuts
   Zot:5: 3845 daAuts
   Zot:1: 2885 daAuts
  Lair:3: 2480 daAuts
Depths:2: 2331 daAuts
Vaults:4: 2297 daAuts
Vaults:5: 2259 daAuts
    D:11: 2205 daAuts
 Snake:3: 2113 daAuts
Depths:4: 2095 daAuts
Vaults:2: 2067 daAuts
   Zot:2: 2049 daAuts
    D:10: 1902 daAuts
   Orc:2: 1786 daAuts
